 Dungeon Sprint DCSS version 0.18-b1-16-g289874d (webtiles) character file.

1523 leos9 the Grappler (level 8, -2/92 HPs)
             Began as a Troll Berserker on May 2, 2016.
             Was a High Priest of Trog.
             Succumbed to Sonja's poison
             ... in the Dungeon (Sprint IX: "|||||||||||||||||||||||||||||").
             The game lasted 00:07:52 (326 turns).

leos9 the Grappler (Troll Berserker)                 Turns: 326, Time: 00:07:52

Health: -2/92      AC:  7    Str: 28    XL:     8   Next: 54%
Magic:  7/7        EV: 13    Int:  6    God:    Trog [*****.]
Gold:   0          SH:  0    Dex:  9    Spells: 0 memorised, 7 levels left

rFire  . . .     SeeInvis .       - Unarmed
rCold  . . .     Gourm    +     a - +0 animal skin
rNeg   . . .     Faith    .     (no shield)
rPois  .         Spirit   .     (helmet restricted)
rElec  .         Dismiss  .     (no cloak)
rCorr  .         Reflect  .     (gloves unavailable)
SustAt .         Harm     .     (boots unavailable)
MR     .....     NoTele   +     (no amulet)
Stlth  +.........               m - +3 ring of intelligence
                                l - +2 ring of protection

@: lethally poisoned (-2 -> -53), slowed, very slow, not resistant to hostile
enchantments, very unstealthy
A: unfitting armour, claws 3, fast metabolism 3, gourmand, regeneration 2,
shaggy fur 1, tough skin 2
a: Berserk, Trog's Hand, Brothers in Arms, Burn Spellbooks, Renounce Religion


You were in the Dungeon.
You worshipped Trog.
Trog was extremely pleased with you.
You were completely stuffed.

You visited 1 branch

Inventory:

Armour
 a - a +0 animal skin (worn)
Jewellery
 l - a +2 ring of protection (left claw)
 m - a +3 ring of intelligence (right claw)
Wands
 k - a wand of iceblast (7/15)
Scrolls
 h - 2 scrolls of blinking
 j - 3 scrolls of remove curse
Potions
 c - 5 potions of curing
 d - 3 potions of heal wounds
 e - a potion of haste
 f - 4 potions of magic
 g - a potion of berserk rage
 i - a potion of invisibility
Comestibles
 b - 2 bread rations
 n - a chunk of flesh


   Skills:
 + Level 9.1 Fighting
 + Level 9.9 Dodging
 + Level 11.8 Unarmed Combat


You had 7 spell levels left.
You didn't know any spells.

Dungeon Overview and Level Annotations

Branches:
Dungeon (1/1)

Altars:
Cheibriados
Dithmenos
Elyvilon
Fedhas
Gozag
Kikubaaqudgha
Makhleb
Nemelex Xobeh
Okawaru
Pakellas
Qazlal
Ru
Sif Muna
Trog
Vehumet
Xom
Yredelemnul
Zin
The Shining One
Beogh
Jiyva
Lugonu


Innate Abilities, Weirdness & Mutations

You are too large for most types of armour.
You have claws for hands.
Your metabolism is lightning-fast.
You like to eat raw meat.
You heal very quickly.
You are covered in fur (AC +1).
You have very tough skin (AC +2).


Message History

You feel very sick.
Sonja unwields an uncursed blowgun.
Sonja wields an uncursed short sword of venom.
It begins to drip with poison!
Sonja hits you with an uncursed short sword of venom.
* * * LOW HITPOINT WARNING * * *
You are more poisoned.
Sonja hits you with an uncursed short sword of venom.
* * * LOW HITPOINT WARNING * * *
Sonja barely misses you. Sonja closely misses you. Sonja barely misses you.
Sonja hits you but does no damage.
You are more poisoned.
You mangle Sonja!!
You kill Sonja!
Trog accepts your kill.
Trog appreciates your killing of a magic user.
Your Fighting skill increases to level 9!
Your Unarmed Combat skill increases to level 11!
You have reached level 8!
You die...

▓_▓.▓
▓_▓.▓
▓_▓(▓
▓_▓.▓
▓_▓.▓
▓_▓.▓
▓_▓(▓
▓_▓(▓
▓_▓@▓
▓_▓)▓
▓_▓.▓
▓_▓.▓
▓'▓.▓
▓.▓.▓
▓.▓.▓
▓.▓.▓
▓.▓


There were no monsters in sight!

Vanquished Creatures
  Sonja (D)
  2 trolls (D)
  A hog (shapeshifter) (D)
  A wyvern (D)
  An ogre (D)
  A scorpion (D)
  A jelly (D)
  An iguana (D)
  2 worker ants (D)
  An adder (D)
  A giant gecko (D)
  2 orcs (D)
  A bat zombie (D)
  2 giant cockroaches (D)
  A goblin (D)
  A hobgoblin (D)
  A jackal (D)
  A giant newt (D)
  A rat (D)
23 creatures vanquished.

Notes
Turn   | Place    | Note
--------------------------------------------------------------
     0 | D        | leos9 the Troll Berserker began the quest for the Orb.
     0 | D        | Reached XP level 1. HP: 22/22 MP: 0/0
     7 | D        | Reached ** piety under Trog
    65 | D        | Noticed an ogre
    65 | D        | Noticed a worker ant
    68 | D        | Reached *** piety under Trog
    77 | D        | Reached skill level 4 in Unarmed Combat
    77 | D        | Reached XP level 2. HP: 31/31 MP: 1/1
    84 | D        | Reached XP level 3. HP: 37/39 MP: 2/2
    89 | D        | Killed an ogre
    89 | D        | Reached **** piety under Trog
    89 | D        | Reached skill level 5 in Fighting
    89 | D        | Reached skill level 5 in Dodging
    89 | D        | Reached skill level 6 in Unarmed Combat
    89 | D        | Reached XP level 4. HP: 50/50 MP: 3/3
   100 | D        | Found a glowing silver altar of Zin.
   100 | D        | Found a glowing golden altar of the Shining One.
   100 | D        | Found an ancient bone altar of Kikubaaqudgha.
   100 | D        | Found a basalt altar of Yredelemnul.
   100 | D        | Found a shimmering altar of Xom.
   100 | D        | Found a radiant altar of Vehumet.
   101 | D        | Found an iron altar of Okawaru.
   102 | D        | Found a burning altar of Makhleb.
   103 | D        | Found a deep blue altar of Sif Muna.
   104 | D        | Found a bloodstained altar of Trog.
   105 | D        | Found a sparkling altar of Nemelex Xobeh.
   106 | D        | Found a white marble altar of Elyvilon.
   107 | D        | Found a roughly hewn altar of Beogh.
   108 | D        | Found a viscous altar of Jiyva.
   109 | D        | Found a corrupted altar of Lugonu.
   110 | D        | Found a blossoming altar of Fedhas.
   111 | D        | Found a snail-covered altar of Cheibriados.
   112 | D        | Found a shadowy altar of Dithmenos.
   113 | D        | Found a stormy altar of Qazlal.
   114 | D        | Found an opulent altar of Gozag.
   115 | D        | Found a sacrificial altar of Ru.
   116 | D        | Found an oddly glowing altar of Pakellas.
   141 | D        | Noticed a troll
   141 | D        | Noticed a troll
   150 | D        | Reached XP level 5. HP: 55/57 MP: 4/4
   153 | D        | Killed a troll
   153 | D        | Reached skill level 8 in Unarmed Combat
   153 | D        | Reached XP level 6. HP: 68/68 MP: 5/5
   155 | D        | Killed a troll
   155 | D        | Reached ***** piety under Trog
   155 | D        | Reached skill level 9 in Unarmed Combat
   155 | D        | Reached XP level 7. HP: 78/78 MP: 6/6
   205 | D        | Noticed an orb spider
   205 | D        | Noticed a wyvern
   206 | D        | Noticed a hog
   206 | D        | an orb spider changed into a hog
   211 | D        | Received a gift from Trog
   211 | D        | Reached skill level 10 in Unarmed Combat
   220 | D        | Killed a wyvern
   226 | D        | Killed a hog
   314 | D        | Noticed Sonja
   325 | D        | HP: 4/80 [Sonja/uncursed short sword of venom (1)]
   326 | D        | Killed Sonja
   326 | D        | Reached skill level 11 in Unarmed Combat
   326 | D        | Reached XP level 8. HP: 4/92 MP: 7/7
   326 | D        | Succumbed to Sonja's poison

Skill      XL: |  1  2  3  4  5  6  7 |
---------------+----------------------+-----
Dodging        | 3 4 5 7 8 9 |  9.9
Fighting       | 3 5 6 7 9 |  9.1
Unarmed Combat | 4 6 8 9 11 | 11.8

Action                   |  1- 3 |  4- 6 |  7- 9 || total
-------------------------+-------+-------+-------++-------
Melee: Unarmed           |    28 |     9 |    31 ||    68
Invok: Trog's Hand       |     1 |     2 |     2 ||     5
       Berserk           |     1 |     1 |       ||     2
  Eat: Chunk             |     6 |       |     5 ||    11
Armor: Animal skin       |     4 |     5 |     7 ||    16
Dodge: Dodged            |    17 |     4 |    21 ||    42
